Map: El Dorado

Players

ShoWTimE - Winner!

  • Race: Protoss Protoss
  • League: Master
  • Spawn Location: 7:00

Spirit (souL)

  • Race: Terran Terran
  • League: Master
  • Spawn Location: 5:00

Event: HomeStory Cup XXVI

VOD

Have the link to the VOD?

Description

Time

  • Played on: Nov. 29, 2024, 2:15 p.m.
  • Length: 15:10

All games in this series

Show
View Real Time Build Order
Export as new Build Order

ShoWTimE Protoss - Winner!

Build Orders: 1 Gate Expand, Oracle Opening 

Get SALT Encoding   

  12  0:00  Probe  
  13  0:12  Probe  
  14  0:18  Pylon  
  14  0:24  Probe  
  15  0:33  Probe  
  15  0:37  Gateway  
  15  0:41  Probe  
  16  0:46  Assimilator  
  17  0:50  Probe  
  18  1:03  Probe  
  19  1:15  Probe  
  20  1:24  Cybernetics Core  
  20  1:35  Nexus  
  20  1:37  Probe  
  21  1:45  Pylon  
  21  1:49  Probe  
  21  1:52  Assimilator  
  21  1:53  Adept  
  22  2:01  Probe  
  25  2:13  Probe  
  26  2:16  Adept  
  26  2:19  Stargate  
  26  2:26  Probe  
  29  2:34  Warp Gate  
  29  2:38  Probe  
  29  2:43  Probe  
  30  2:50  Probe  
  32  2:51  Probe  
  32  2:52  Adept  
  32  2:56  Oracle  
  35  3:01  Probe  
  35  3:02  Probe  
  40  3:13  Probe, Pylon  
  40  3:14  Probe  
  42  3:25  Probe  
  42  3:26  Probe  
  44  3:27  Oracle  
  44  3:28  Gateway  
  47  3:37  Probe  
  47  3:38  Probe  
  49  3:47  Pylon  
  49  3:49  Probe  
  49  3:50  Probe  
  51  4:03  Probe  
  51  4:04  Probe  
  51  4:06  Nexus  
  51  4:09  Phoenix  
  53  4:16  Assimilator, Probe x2  
  57  4:18  Assimilator  
  57  4:21  Pylon  
  57  4:28  Stalker x2, Probe  
  62  4:34  Shield Battery  
  62  4:39  Pylon  
  62  4:40  Probe x2  
  64  4:47  Phoenix, Pylon  
  64  4:52  Stalker  
  68  5:02  Stalker  
  68  5:03  Probe  
  68  5:04  Probe  
  65  5:14  Probe  
  65  5:15  Probe  
  65  5:18  Robotics Facility  
  65  5:19  Probe  
  65  5:20  Twilight Council  
  65  5:21  Forge  
  67  5:23  Probe x2  
  67  5:27  Probe  
  70  5:31  Probe x2  
  70  5:32  Sentry x2, Protoss Ground Weapons Level 1  
  70  5:33  Charge  
  77  5:36  Probe, Pylon  
  77  5:42  Probe x2  
  78  5:49  Probe  
  81  5:54  Probe x2  
  83  5:58  Gateway x2  
  83  6:01  Probe  
  84  6:06  Probe  
  84  6:07  Robotics Bay  
  84  6:08  Observer  
  86  6:12  Gateway  
  86  6:15  Gateway  
  86  6:23  Gateway x2  
  86  6:25  Pylon  
  86  6:29  Observer  
  87  6:37  Zealot x2  
  91  6:43  Pylon  
  91  6:47  Nexus  
  91  6:51  Pylon  
  91  6:55  Colossus  
  91  6:56  Extended Thermal Lance  
  91  6:57  Probe  
  91  6:58  Blink, Probe x2  
  91  7:00  Pylon  
  100  7:03  Zealot x4  
  108  7:09  Probe  
  108  7:10  Protoss Ground Weapons Level 2  
  108  7:11  Probe x2, Pylon  
  108  7:15  Shield Battery  
  111  7:20  Zealot x3  
  111  7:21  Probe  
  118  7:24  Pylon  
  118  7:25  Probe x2  
  120  7:34  Zealot x5  
  130  7:38  Colossus  
  130  7:43  Pylon  
  130  7:44  Probe x2  
  130  7:45  Probe  
  139  7:56  Probe  
  140  8:01  Zealot x6  
  140  8:04  Probe  
  140  8:05  Probe x2  
  151  8:12  Phoenix  
  153  8:14  Stalker  
  155  8:26  Zealot x5  
  165  8:30  Photon Cannon  
  163  8:36  Stalker x2  
  163  8:37  Observer, Probe x2  
  164  8:43  Photon Cannon  
  164  8:46  Probe  
  164  8:47  Probe  
  163  8:49  Probe x2  
  161  8:56  Stalker x2  
  161  8:58  Probe  
  161  8:59  Probe  
  164  9:03  Warp Prism, Photon Cannon  
  164  9:05  Gravitic Boosters  
  164  9:06  Phoenix  
  166  9:12  Photon Cannon  
  168  9:17  Pylon  
  168  9:26  Zealot x2  
  168  9:27  Observer  
  172  9:41  Zealot x4  
  180  9:47  Protoss Ground Weapons Level 3  
  180  9:51  Pylon  
  178  9:58  Pylon  
  178  10:00  Forge, Colossus  
  184  10:14  Gateway  
  184  10:16  Gateway  
  184  10:21  Nexus  
  184  10:24  Robotics Facility  
  181  10:32  Zealot x7  
  185  10:44  Warp Prism  
  159  10:53  Zealot x6  
  159  10:54  Zealot x2  
  159  10:56  Protoss Ground Armor Level 1  
  147  11:03  Probe  
  147  11:04  Probe  
  143  11:05  Probe  
  143  11:06  Pylon  
  143  11:07  Colossus  
  143  11:15  Zealot x6  
  143  11:18  Disruptor  
  123  11:22  Zealot x8  
  131  11:34  Shield Battery  
  130  11:43  Colossus  
  130  11:45  Zealot x10  
  142  12:01  Colossus  
  138  12:06  Zealot x10  
  162  12:22  Protoss Shields Level 1  
  162  12:26  Zealot x4  
  162  12:28  Zealot x6  
  182  12:42  Protoss Ground Armor Level 2  
  182  12:46  Nexus  
  182  12:47  Stalker x4  
  182  12:49  Stalker  
  189  12:59  Probe  
  189  13:00  Pylon, Probe x2  
  189  13:09  Stalker x3  
  180  13:23  Stalker x4  
  180  13:27  Probe x2  
  190  13:31  Probe x2  
  192  13:39  Probe x2  
  194  13:44  Zealot x2  
  194  13:45  Disruptor  
  198  13:59  Zealot  
  198  14:05  Nexus  
  198  14:11  Pylon  
  198  14:19  Templar Archives, Probe x2  
  198  14:21  Observer  
  196  14:29  Disruptor  
  200  14:41  Zealot x2  
  193  14:53  Zealot x3  
  193  14:58  Zealot x5  
Show
View Real Time Build Order
Export as new Build Order

Spirit Terran 

Build Orders:  

Get SALT Encoding   

  12  0:00  SCV  
  13  0:12  SCV  
  14  0:17  Supply Depot  
  14  0:24  SCV  
  15  0:39  SCV  
  15  0:40  Barracks  
  16  0:46  Refinery  
  16  0:51  SCV  
  17  1:03  SCV  
  18  1:15  SCV  
  19  1:28  Orbital Command, Marine  
  20  1:43  Command Center  
  20  1:46  Barracks Reactor  
  20  1:55  SCV  
  20  1:59  Supply Depot  
  21  2:07  SCV  
  22  2:10  Factory  
  22  2:14  Refinery  
  22  2:19  SCV  
  22  2:22  Marine  
  24  2:24  Marine  
  25  2:31  SCV  
  26  2:40  Marine  
  26  2:42  Marine  
  26  2:43  SCV  
  29  2:53  Factory Tech Lab  
  29  2:55  Starport  
  29  2:56  Orbital Command  
  29  2:59  SCV  
  30  3:12  SCV, Cyclone  
  34  3:13  Marine  
  34  3:14  Marine  
  36  3:22  SCV  
  36  3:24  SCV  
  38  3:28  Supply Depot  
  38  3:34  SCV  
  39  3:36  SCV  
  39  3:37  Marine  
  39  3:40  Medivac  
  43  3:43  Marine  
  43  3:46  SCV  
  43  3:48  SCV  
  46  3:49  Cyclone  
  49  3:56  Supply Depot  
  49  3:57  Marine  
  49  3:58  SCV  
  49  4:00  SCV  
  50  4:10  SCV, Marine  
  50  4:12  SCV  
  53  4:17  Supply Depot, Liberator, Marine  
  53  4:22  SCV  
  58  4:24  SCV  
  58  4:28  Siege Tank  
  62  4:33  Marine  
  62  4:35  SCV  
  62  4:37  Supply Depot, Marine  
  62  4:38  SCV  
  61  4:47  SCV  
  61  4:50  SCV  
  61  4:52  Marine, Barracks  
  62  4:58  Marine  
  62  4:59  SCV  
  62  5:02  SCV  
  55  5:09  Marine  
  55  5:11  SCV  
  52  5:15  SCV  
  52  5:16  Marine  
  50  5:23  SCV  
  50  5:25  Command Center  
  50  5:27  SCV  
  52  5:31  Marine  
  52  5:33  Bunker  
  52  5:34  Cyclone  
  56  5:35  SCV  
  56  5:39  SCV  
  58  5:43  Supply Depot  
  58  5:45  Barracks Tech Lab, Marine  
  58  5:48  SCV  
  58  5:51  SCV, Starport Tech Lab  
  58  5:56  Marine  
  59  5:59  Barracks  
  59  6:00  SCV  
  59  6:02  Marine  
  59  6:03  SCV  
  62  6:09  Cloaking Field, Banshee  
  65  6:12  SCV, Refinery  
  65  6:15  SCV, Refinery  
  67  6:19  Supply Depot  
  67  6:20  Marine  
  67  6:22  Stimpack  
  67  6:24  SCV  
  67  6:25  Marine x2  
  70  6:27  SCV  
  70  6:32  Supply Depot  
  72  6:36  SCV  
  72  6:38  Marine  
  72  6:39  SCV, Siege Tank  
  78  6:43  Marine  
  79  6:48  SCV, Engineering Bay  
  79  6:51  SCV  
  79  6:52  Banshee  
  85  6:55  Engineering Bay  
  85  6:57  Marine  
  85  7:00  SCV  
  86  7:03  SCV, Marine  
  86  7:06  Barracks Tech Lab  
  86  7:07  Marine  
  89  7:12  SCV  
  89  7:13  Siege Tank  
  93  7:16  SCV, Terran Infantry Weapons Level 1  
  93  7:17  Orbital Command  
  93  7:18  Marine  
  93  7:20  Marine  
  96  7:24  SCV, Terran Infantry Armor Level 1  
  96  7:27  Marine  
  96  7:28  SCV  
  99  7:32  Marine  
  99  7:36  Banshee  
  103  7:38  Barracks  
  103  7:41  Barracks  
  103  7:44  Marine  
  103  7:45  Barracks Reactor  
  103  7:46  SCV x2  
  103  7:50  Marine  
  107  7:52  Sensor Tower  
  107  7:58  SCV x2  
  107  7:59  Siege Tank  
  107  8:02  Marine  
  111  8:08  Marine  
  111  8:10  SCV x2  
  114  8:13  Supply Depot  
  114  8:20  Marine  
  114  8:22  SCV x2  
  114  8:24  Marine  
  114  8:26  Marine  
  116  8:28  Marine  
  117  8:34  Siege Tank, SCV x2  
  117  8:35  Supply Depot x2  
  117  8:36  Combat Shield  
  117  8:37  Supply Depot, Barracks Reactor  
  117  8:38  Marine, Medivac  
  125  8:47  Orbital Command  
  125  8:49  SCV, Medivac  
  125  8:56  Marine x3  
  125  8:57  SCV  
  125  9:01  SCV  
  127  9:04  Marine, Bunker  
  127  9:07  Siege Tank, Bunker  
  127  9:08  Concussive Shells, Ghost Academy  
  127  9:09  SCV  
  132  9:11  Bunker  
  132  9:13  SCV x2  
  132  9:14  Marine  
  132  9:15  Marauder  
  132  9:17  Medivac  
  139  9:21  SCV  
  140  9:25  SCV x2, Armory  
  140  9:26  Marine  
  140  9:30  Supply Depot  
  143  9:31  Marine  
  143  9:33  SCV, Marine, Marauder  
  143  9:38  Refinery  
  148  9:39  Supply Depot, Refinery  
  148  9:40  Marauder  
  148  9:41  Supply Depot  
  148  9:42  Supply Depot  
  148  9:49  Marine  
  148  9:51  Marine  
  148  9:52  Supply Depot, Siege Tank  
  152  9:54  Marauder  
  152  9:59  Liberator  
  154  10:02  Marauder  
  154  10:03  Marine x2  
  154  10:09  Command Center  
  154  10:12  Marine  
  155  10:15  Marauder  
  155  10:17  Marine  
  158  10:21  Marine x2  
  158  10:23  Marauder  
  158  10:24  Siege Tank  
  158  10:27  Liberator  
  165  10:30  Marine  
  165  10:31  Bunker  
  165  10:33  Supply Depot  
  165  10:35  Marine  
  159  10:37  Marauder  
  159  10:39  Marine x2  
  151  10:43  Ghost  
  151  10:48  Marine  
  144  10:51  Medivac  
  144  10:53  Marine  
  144  10:57  Marine x2, Ghost  
  119  11:06  Marine  
  119  11:10  Marine  
  119  11:14  Marine  
  119  11:15  Marine  
  110  11:20  Siege Tank  
  110  11:24  Marine  
  113  11:26  Medivac x2  
  113  11:27  Marauder  
  113  11:28  Marine  
  113  11:32  Marine x2  
  118  11:35  Barracks  
  118  11:36  Barracks  
  120  11:41  Marine  
  120  11:42  Orbital Command  
  120  11:46  Marine  
  122  11:48  Marauder  
  122  11:50  Marine x2  
  123  11:57  Viking x2  
  123  11:59  Marine  
  128  12:04  Marine  
  128  12:08  Marine x2  
  130  12:09  Marine  
  130  12:10  Terran Infantry Weapons Level 2  
  130  12:13  SCV  
  133  12:17  Marine  
  133  12:20  SCV  
  133  12:22  Marine  
  136  12:24  Planetary Fortress  
  136  12:25  SCV x2  
  136  12:26  Marine x2  
  136  12:27  Marine  
  138  12:32  SCV  
  138  12:34  Barracks Tech Lab x2  
  138  12:35  Marine  
  136  12:37  SCV  
  136  12:38  SCV  
  136  12:39  Marine  
  136  12:43  Marine  
  140  12:49  Supply Depot  
  140  12:50  Supply Depot  
  140  12:51  Supply Depot  
  140  13:00  Refinery  
  140  13:01  Refinery  
  133  13:27  Marine  
  133  13:28  Supply Depot  
  132  13:36  SCV x2, Marine x2, Medivac, Viking  
  132  13:37  Supply Depot x2, Marauder  
  132  13:39  Factory Tech Lab  
  132  13:42  Ghost Academy  
  132  13:49  SCV x4, Marine x3, Marauder  
  136  14:01  SCV x2  
  140  14:06  Viking  
  140  14:07  Barracks Tech Lab  
  145  14:13  Ghost x2  
  145  14:15  Barracks  
  145  14:16  Viking  
  146  14:21  SCV  
  146  14:22  SCV  
  144  14:26  SCV  
  145  14:32  Marine, Marauder  
  145  14:33  SCV  
  145  14:36  Viking  
  145  14:37  Supply Depot  
  150  14:38  Refinery  
  150  14:40  Supply Depot  
  141  14:47  Marine  
  141  14:49  Marine, Marauder x2  
  141  14:52  Marine  
Tags
 
Add a new tag
Caveats
  • Supply blocks, unpowered buildings, or Contaminate may cause inaccurate times.
  • Supply counts are checked every 10 seconds.